 Dungeon Crawl Stone Soup version 0.29.1-1-gd02db6906a (webtiles) character file.

Game seed: 7506317286831159438

53 BigDaddyOpFi the Magician (level 3, -2/19 HPs)
             Began as a Deep Elf Earth Elementalist on Oct 20, 2022.
             Slain by a gnoll
             ... wielding a +0 flail
              (8 damage)
             ... on level 2 of the Dungeon.
             The game lasted 00:00:54 (966 turns).

BigDaddyOpFi the Magician (DEEE)                     Turns: 966, Time: 00:00:55

Health: -2/19      AC:  2    Str:  5    XL:     3   Next: 62%
Magic:  4/10       EV: 12    Int: 21    God:
Gold:   57         SH:  0    Dex: 15    Spells: 9/10 levels left

rFire   . . .      SeeInvis .   (no weapon)
rCold   . . .      Faith    .   (no shield)
rNeg    . . .      Spirit   .   a - +0 robe
rPois   .          Reflect  .   (no helmet)
rElec   .          Harm     .   (no cloak)
rCorr   .          Rampage  .   (no gloves)
Will    .....                   (no boots)
Stlth   ++........              (no amulet)
HPRegen 0.06/turn               (no ring)
MPRegen 0.12/turn               (no ring)

@: no status effects
A: no striking features
a: no special abilities


You were on level 2 of the Dungeon.
You visited 1 branch of the dungeon, and saw 2 of its levels.

You collected 57 gold pieces.

Inventory:

Armour
 a - a +0 robe (worn)
Jewellery
 g - a ring of flight
Scrolls
 c - a scroll of enchant armour {unknown}
 e - a scroll of poison {unknown}
Potions
 b - a potion of magic
 d - a potion of mutation {unknown}
 f - 2 potions of lignification {unknown}
 h - a potion of might {unknown}
 i - a potion of degeneration {unknown}
 j - a potion of berserk rage {unknown}


   Skills:
 - Level 2.6 Dodging
 - Level 2.7 Stealth
 + Level 4.2 Spellcasting
 - Level 1.4 Transmutations
 + Level 4.1 Earth Magic


You had 9 spell levels left.
You knew the following spells:

 Your Spells              Type           Power      Damage    Failure   Level
a - Sandblast             Erth           42%        2d11      2%          1

Your spell library contained the following spells:

 Spells                   Type           Power      Damage    Failure   Level
 Passwall                 Tmut/Erth      13%        N/A       6%          2
 Stone Arrow              Conj/Erth      26%        3d8       16%         3
 Petrify                  Tmut/Erth      16%        N/A       36%         4


Dungeon Overview and Level Annotations

Branches:
Dungeon (2/15)

Altars:


Message History

Things that are here:
a +0 dagger; a kobold corpse A ball python comes into view.
A ball python is nearby!
A ball python is nearby!
A gnoll comes into view. It is wielding a +0 whip.
The ball python hisses angrily.
The gnoll shouts! 2 gnolls come into view.
The gnoll shouts! x2
The gnoll throws a throwing net.
The throwing net completely misses you.
You see here a throwing net.
The blast of sand misses the ball python.
The gnoll throws a throwing net.
The throwing net closely misses you.
The blast of sand misses the ball python.
The blast of sand hits the gnoll!
The gnoll is heavily wounded.
The ball python barely misses you. x3; The ball python closely misses you.
The blast of sand hits the gnoll!
You kill the gnoll!
The ball python closely misses you. The ball python misses you.
The ball python barely misses you. The ball python grabs you.
The ball python constricts you.
Your Spellcasting skill increases to level 4!
Your Earth Magic skill increases to level 4!
The blast of sand hits the ball python!
You kill the ball python!
The gnoll hits you with a +0 flail.
The blast of sand hits the gnoll!
You kill the gnoll!
Unknown command.
The blast of sand hits the gnoll!
The gnoll is almost dead.
The gnoll barely misses you. The gnoll hits you with a +0 flail.
The blast of sand misses the gnoll.
The gnoll hits you with a +0 flail.
You are too injured to fight recklessly!
You are too injured to fight recklessly!
You hit the gnoll but do no damage.
The gnoll is almost dead.
The gnoll hits you with a +0 flail!
You die...

##... #........#
##..#.
#........#
#..##.
+........#
##.####
#........# #..#
#........
####'#####
#####......
#.........
.......g)#
###.........
#.@##
#...........
#...#
#.##########
##..## #.#
#...###.#
########.#..##.#
.......).##.##.#
#####...###....#
#...# ###..#
#...# #.>#


You could see a gnoll.

Vanquished Creatures
  2 gnolls (D:2)
  An adder (D:2)
  A dart slug (D:1)
  6 ball pythons
  A bat (D:2)
  2 endoplasms (D:1)
  2 goblins (D:1)
  2 hobgoblins
  A quokka (D:1)
  A frilled lizard (D:1)
  3 kobolds
  A rat (D:1)
23 creatures vanquished.

Notes
Turn   | Place    | Note
-------+----------+-------------------------------------------
     0 | D:1      | BigDaddyOpFi the Deep Elf Earth Elementalist began the
                  | quest for the Orb.
     0 | D:1      | Reached XP level 1. HP: 10/10 MP: 6/6
   225 | D:1      | Reached XP level 2. HP: 15/15 MP: 6/8
   852 | D:2      | Reached XP level 3. HP: 19/19 MP: 8/10
   966 | D:2      | Slain by a gnoll

Illustrated notes

Levels and vault maps discovered:
D:1:      minmay_arrival_checkered_box, layout_loops_cross, hex_tiny,
          chequers_serial_rivers_micro_a
D:2:      layout_basic

Skill      XL: |  1  2  3 |
---------------+----------+-----
Spellcasting   | 4 |  4.2
Earth Magic    | 4 |  4.1
Dodging        | |  2.6
Stealth        | |  2.7
Transmutations | |  1.4

Action                   || total
-------------------------++-------
Melee: Unarmed           ||     1
 Cast: Sandblast         ||    33
Armor: Robe              ||     1
Dodge: Dodged            ||    15
